Demolitions vs Sewer Rats
(R2)
Created - May 19, 2020 at 19:34
Goals
|
| Demolitions |
0 |
4 |
1 |
1 |
6 |
| Sewer Rats |
3 |
2 |
0 |
0 |
5 |
|
Shots
|
| Demolitions |
3 |
19 |
9 |
3 |
34 |
| Sewer Rats |
10 |
15 |
8 |
1 |
34 |
|
1st period
1. Sewer Rats , Mark Mancari 3 (Tomas Tatar 5) at 10:22
2. Sewer Rats , Anthony Duclair 1 (Erik Condra 1, Stefan Elliott 3) at 15:09
3. Sewer Rats , Mark Mancari 4 (Tomas Tatar 6, Stefan Elliott 4) at 15:54 (PP)
Penalties :
J.T. Brown (Vic) for Tripping (Minor) at 1:51, Aaron Palushaj (Vic) for Hooking (Minor) at 4:43, Robert Bortuzzo (Vic) for Hooking (Minor) at 11:06, Robert Bortuzzo (Vic) for Hooking (Minor) at 15:32, Joel Edmundson (Tol) for Roughing (Double Minor) at 18:49
2nd period
4. Demolitions , Dennis Everberg 2 (Phil McRae 2, Joshua Leivo 1) at 3:32
5. Demolitions , J.T. Brown 5 (Robert Bortuzzo 2, Alex Stalock) at 4:40 (PP)
6. Demolitions , J.T. Brown 6 (Lane MacDermid 4) at 5:47
7. Demolitions , Taylor Beck 5 (Robert Bortuzzo 3, Alex Stalock) at 8:37 (PP)
8. Sewer Rats , Mark Mancari 5 (Tomas Tatar 7, Vincent Trocheck 4) at 10:22
9. Sewer Rats , Daniel Carr 2 (Luke Witkowski 3, Stefan Elliott 5) at 16:17 (PP)
Penalties :
Daniel Carr (Tol) for Hooking (Minor) at 4:06, Vincent Trocheck (Tol) for Cross-checking (Minor) at 5:50, Mark Mancari (Tol) for Holding (Minor) at 8:26, Nick Pryor (Vic) for Holding (Minor) at 15:44
3rd period
10. Demolitions , Daultan Leveillé 2 (Spencer Machacek 4, Tommy Vannelli 1) at 17:32 (PP)
Penalties :
Jarred Tinordi (Tol) for Roughing (Minor) at 0:22, Dmitrij Jaskin (Tol) for Hooking (Minor) at 16:11
Overtime #1
11. Demolitions , Spencer Machacek 5 (Daultan Leveillé 6) at 7:08 (PP)
Penalties :
Christoph Bertschy (Vic) for Roughing (Minor) at 2:12, Luke Witkowski (Tol) for Interference (Minor) at 7:07
Goalie Stats
Alex Stalock (Vic), 29 saves from 34 shots - (0.853), W, 2-1-0, 67:08 minutes
Marek Mazanek (Tol), 28 saves from 34 shots - (0.824), OTL, 1-0-1, 67:08 minutes
Players Stats for Demolitions
Player Name G A P +/- PIM S H SB GA TA FO MP PP MP PK MP
------------------------------------------------------------------------------------
Aaron Palushaj 0 0 0 -1 2 1 0 0 0 1 0/0 8:02 0:00 0:00
Alex Hutchings 0 0 0 -1 0 1 1 0 0 0 0/1 10:12 0:00 1:12
Andrej Nestrasil 0 0 0 -1 0 0 2 0 1 0 10/24 18:14 4:14 0:00
Brendan Perlini 0 0 0 0 0 0 0 0 0 0 0/0 2:21 0:00 1:16
Christoph Bertschy 0 0 0 -1 2 0 0 0 0 0 2/3 8:38 0:00 0:00
Colton Sceviour 0 0 0 0 0 0 0 0 0 0 0/0 0:00 0:00 0:00
Daultan Leveillé 1 1 2 0 0 2 4 0 0 0 18/35 25:36 5:26 5:09
Dennis Everberg 1 0 1 1 0 3 1 0 0 0 0/0 10:23 0:15 0:00
J.T. Brown 2 0 2 -1 2 6 1 0 0 0 0/0 20:19 4:14 2:05
Jake Muzzin 0 0 0 0 0 2 2 1 0 2 0/0 25:16 5:39 4:11
Joshua Leivo 0 1 1 1 0 0 0 0 0 0 0/0 10:08 0:00 0:00
Lane MacDermid 0 1 1 -1 0 4 2 1 1 1 0/0 18:14 4:09 0:00
Michael Ferland 0 0 0 0 0 0 0 0 0 0 0/0 0:28 0:23 0:00
Mitch Callahan 0 0 0 0 0 0 0 0 0 0 0/0 0:53 0:43 0:00
Nick Pryor 0 0 0 -1 2 0 1 0 0 0 0/0 13:30 0:42 0:00
Phil McRae 0 1 1 1 0 0 0 1 0 0 2/7 10:08 0:00 0:00
Robert Bortuzzo 0 2 2 0 4 2 1 2 2 0 0/0 31:29 6:35 4:06
Ryan Pulock 0 0 0 0 0 2 3 0 0 1 0/0 25:00 3:28 3:19
Spencer Machacek 1 1 2 0 0 2 2 0 0 1 4/10 25:21 5:19 5:06
Taylor Aronson 0 0 0 0 0 1 1 0 0 1 0/0 25:02 3:28 3:19
Taylor Beck 1 0 1 0 0 8 1 2 1 0 2/3 23:21 5:26 2:54
Tommy Vannelli 0 1 1 -1 0 0 1 2 0 0 0/0 14:08 0:14 2:47
Tyler Graovac 0 0 0 0 0 0 0 0 0 0 0/0 0:00 0:00 0:00
Players Stats for Sewer Rats
Player Name G A P +/- PIM S H SB GA TA FO MP PP MP PK MP
------------------------------------------------------------------------------------
Anthony Duclair 1 0 1 0 0 1 1 0 0 0 1/1 11:21 0:00 1:07
Connor Carrick 0 0 0 0 0 0 0 0 0 0 0/0 5:18 0:22 1:30
Daniel Carr 1 0 1 0 2 7 2 2 1 0 0/0 18:10 3:04 1:11
Dmitrij Jaskin 0 0 0 0 2 0 0 0 1 0 0/0 7:32 0:38 0:00
Erik Condra 0 1 1 0 0 2 2 1 0 1 0/0 13:48 0:38 2:54
Jared McCann 0 0 0 0 0 0 1 0 0 0 0/2 6:50 0:00 0:00
Jarred Tinordi 0 0 0 0 2 2 4 0 0 1 0/0 30:18 4:34 4:53
Joel Edmundson 0 0 0 2 4 2 1 2 0 0 0/0 20:53 3:55 1:53
John Ramage 0 0 0 -1 0 0 2 0 0 0 0/0 11:05 0:00 1:57
Jonathan Marchessault 0 0 0 0 0 3 2 0 0 0 8/11 17:00 3:04 0:00
Joseph Blandisi 0 0 0 0 0 0 0 0 0 0 0/0 7:17 0:19 0:00
Luke Witkowski 0 1 1 0 2 4 1 1 1 1 2/3 23:16 3:12 5:58
Mark Mancari 3 0 3 1 2 10 2 0 1 0 9/12 27:58 5:01 5:47
Nick Cousins 0 0 0 0 0 1 2 0 0 0 5/7 10:45 0:35 0:00
Ryan Murphy 0 0 0 -1 0 1 0 0 0 1 0/0 9:27 0:22 0:00
Stefan Elliott 0 3 3 0 0 0 2 4 2 1 0/0 31:21 4:34 6:01
Steven Kampfer 0 0 0 2 0 0 0 0 0 0 0/0 22:47 3:55 3:52
Tomas Tatar 0 3 3 1 0 1 4 1 1 0 0/1 24:54 5:01 2:54
Vincent Trocheck 0 1 1 1 2 0 2 0 0 0 20/46 22:13 5:01 0:15
Xavier Ouellet 0 0 0 0 0 0 0 0 0 0 0/0 3:17 0:00 0:00
3 Stars
1 - Mark Mancari (Tol)
2 - Tomas Tatar (Tol)
3 - Daultan Leveillé (Vic)
Power Play
Demolitions - 4 on 8 Attempt(s) - 50.00%
Sewer Rats - 2 on 6 Attempt(s) - 33.33%
Penalty Kill
Demolitions - 4 on 6 Attempt(s) - 66.67%
- Score 0 goal in Penalty Kill
Sewer Rats - 4 on 8 Attempt(s) - 50.00%
- Score 0 goal in Penalty Kill
Team Stat
Demolitions - Hits : 23 - Faceoff Wins : 38 - Blocked Shots : 9 - Penalty Minutes : 12
Sewer Rats - Hits : 28 - Faceoff Wins : 45 - Blocked Shots : 11 - Penalty Minutes : 16
Official
Referees : Unknown
Linesman : Unknown
Game Notes
Mark Mancari has scored a Hat Trick!
Jake Muzzin is injured at 12:12 of 3rd period (Right Foot)
Finance
Level 1 -- Attendance: 1744 (87.20%) -- Ticket Income $61,040
Level 2 -- Attendance: 1000 (100.00%) -- Ticket Income $17,000
Total Attendance: 2744 (91.47%)
Total Ticket Income: $78,040
Other Income: $3,902
Total Income: $81,942
Demolitions
5 vs 5 Forward
Center Left Wing Right Wing Time % Phy DF OF
1 Daultan Leveillé Taylor Beck Spencer Machacek 40 1 2 2
2 Andrej Nestrasil Lane MacDermid J.T. Brown 30 1 2 2
3 Phil McRae Joshua Leivo Dennis Everberg 20 1 2 2
4 Christoph Bertschy Alex Hutchings Aaron Palushaj 10 1 2 2
5 vs 5 Defense
Defense Defense Time % Phy DF OF
1 Jake Muzzin Robert Bortuzzo 40 1 2 2
2 Ryan Pulock Taylor Aronson 30 1 2 2
3 Nick Pryor Tommy Vannelli 20 1 2 2
4 Jake Muzzin Robert Bortuzzo 10 1 2 2
PowerPlay Forward
Center Left Wing Right Wing Time % Phy DF OF
1 Daultan Leveillé Taylor Beck Spencer Machacek 60 1 2 2
2 Andrej Nestrasil Lane MacDermid J.T. Brown 40 1 2 2
PowerPlay Defense
Defense Defense Time % Phy DF OF
1 Jake Muzzin Robert Bortuzzo 60 1 2 2
2 Ryan Pulock Taylor Aronson 40 1 2 2
Penalty Kill 4 Players Forward
Center Wing Time % Phy DF OF
1 Spencer Machacek Daultan Leveillé 60 1 2 2
2 Taylor Beck J.T. Brown 40 1 2 2
Penalty Kill 4 Players Defense
Defense Defense Time % Phy DF OF
1 Jake Muzzin Robert Bortuzzo 60 1 2 2
2 Ryan Pulock Taylor Aronson 40 1 2 2
Penalty Kill - 3 Players Forward
Forward Time % Phy DF OF
1 Spencer Machacek 60 1 2 2
2 Daultan Leveillé 40 1 2 2
Penalty Kill - 3 Players Defense
Defense Defense Time % Phy DF OF
1 Jake Muzzin Robert Bortuzzo 60 1 2 2
2 Ryan Pulock Taylor Aronson 40 1 2 2
4 vs 4 Forward
Center Wing Time % Phy DF OF
1 Spencer Machacek Daultan Leveillé 60 1 2 2
2 Taylor Beck J.T. Brown 40 1 2 2
4 vs 4 Defense
Defense Defense Time % Phy DF OF
1 Jake Muzzin Robert Bortuzzo 60 1 2 2
2 Ryan Pulock Taylor Aronson 40 1 2 2
Last Minutes Offensive
Center Left Wing Right Wing Defense Defense
Daultan Leveillé Taylor Beck Spencer Machacek Jake Muzzin Robert Bortuzzo
Last Minutes Defensive
Center Left Wing Right Wing Defense Defense
Daultan Leveillé Taylor Beck Spencer Machacek Jake Muzzin Robert Bortuzzo
Goaltenders
Starting : Alex Stalock
Backup : Antti Raanta
Extra Forwards
Normal : Mitch Callahan, Michael Ferland, Brendan Perlini - PP : Mitch Callahan, Michael Ferland - PK : Brendan Perlini
Extra Defensemen
Normal : Nick Pryor, Tommy Vannelli, Ryan Pulock - PP : Nick Pryor - PK : Tommy Vannelli, Ryan Pulock
Penalty Shots
Spencer Machacek, Daultan Leveillé, Taylor Beck, J.T. Brown, Dennis Everberg
Scratches
Thomas DiPauli (Healthy), Taylor Leier (Healthy), Nikita Tryamkin (Left Forearm Injury), Jared Staal (Healthy), Michael Prapavessis (Healthy)
Jaedon Descheneau (Healthy), Jake Paterson (Healthy), Francois Tremblay (Healthy), Brandon Halverson (Healthy)
Sewer Rats
5 vs 5 Forward
Center Left Wing Right Wing Time % Phy DF OF
1 Vincent Trocheck Tomas Tatar Mark Mancari 40 1 2 2
2 Jonathan Marchessault Daniel Carr Luke Witkowski 30 1 2 2
3 Nick Cousins Anthony Duclair Erik Condra 20 1 2 2
4 Jared McCann Joseph Blandisi Dmitrij Jaskin 10 1 2 2
5 vs 5 Defense
Defense Defense Time % Phy DF OF
1 Jarred Tinordi Stefan Elliott 40 1 2 2
2 Steven Kampfer Joel Edmundson 30 1 2 2
3 Ryan Murphy John Ramage 20 1 2 2
4 Connor Carrick Xavier Ouellet 10 1 2 2
PowerPlay Forward
Center Left Wing Right Wing Time % Phy DF OF
1 Vincent Trocheck Tomas Tatar Mark Mancari 60 1 2 2
2 Jonathan Marchessault Daniel Carr Luke Witkowski 40 1 2 2
PowerPlay Defense
Defense Defense Time % Phy DF OF
1 Jarred Tinordi Stefan Elliott 60 1 2 2
2 Steven Kampfer Joel Edmundson 40 1 2 2
Penalty Kill 4 Players Forward
Center Wing Time % Phy DF OF
1 Mark Mancari Luke Witkowski 60 1 2 2
2 Tomas Tatar Erik Condra 40 1 2 2
Penalty Kill 4 Players Defense
Defense Defense Time % Phy DF OF
1 Jarred Tinordi Stefan Elliott 60 1 2 2
2 Steven Kampfer Joel Edmundson 40 1 2 2
Penalty Kill - 3 Players Forward
Forward Time % Phy DF OF
1 Mark Mancari 60 1 2 2
2 Luke Witkowski 40 1 2 2
Penalty Kill - 3 Players Defense
Defense Defense Time % Phy DF OF
1 Jarred Tinordi Stefan Elliott 60 1 2 2
2 Steven Kampfer Joel Edmundson 40 1 2 2
4 vs 4 Forward
Center Wing Time % Phy DF OF
1 Mark Mancari Luke Witkowski 60 1 2 2
2 Tomas Tatar Erik Condra 40 1 2 2
4 vs 4 Defense
Defense Defense Time % Phy DF OF
1 Jarred Tinordi Stefan Elliott 60 1 2 2
2 Steven Kampfer Joel Edmundson 40 1 2 2
Last Minutes Offensive
Center Left Wing Right Wing Defense Defense
Vincent Trocheck Tomas Tatar Mark Mancari Jarred Tinordi Stefan Elliott
Last Minutes Defensive
Center Left Wing Right Wing Defense Defense
Vincent Trocheck Tomas Tatar Mark Mancari Jarred Tinordi Stefan Elliott
Goaltenders
Starting : Marek Mazanek
Backup : Darcy Kuemper
Extra Forwards
Normal : Dmitrij Jaskin, Nick Cousins, Anthony Duclair - PP : Dmitrij Jaskin, Nick Cousins - PK : Anthony Duclair
Extra Defensemen
Normal : Ryan Murphy, John Ramage, Connor Carrick - PP : Ryan Murphy - PK : John Ramage, Connor Carrick
Penalty Shots
Mark Mancari, Luke Witkowski, Tomas Tatar, Erik Condra, Vincent Trocheck
Scratches
Dominik Kubalik (Healthy), Josh Archibald (Healthy), Jonathan Racine (Healthy), Tyler Motte (Healthy), Chris Calhan (Healthy)
Mark Friedman (Healthy), Michael Dal Colle (Healthy), Matteson Iacopelli (Healthy), Sergei Kostenko (Healthy), Antoine Bibeau (Healthy)
% Time on Ice - Demolitions
Lines # - Real PCT - Wanted PCT - Time Play
Normal Forward
1 - 33% - 40% - 16:06
2 - 29% - 30% - 14:05
3 - 21% - 20% - 10:08
4 - 16% - 10% - 7:55
Normal Defense
1 - 44% - 40% - 21:21
2 - 35% - 30% - 16:42
3 - 19% - 20% - 9:07
4 - 2% - 10% - 1:04
PP Forward
1 - 57% - 60% - 5:44
2 - 43% - 40% - 4:19
PP Defense
1 - 66% - 60% - 6:35
2 - 34% - 40% - 3:28
PK Forward
1 - 67% - 60% - 5:57
2 - 33% - 40% - 2:54
PK Defense
1 - 66% - 60% - 5:48
2 - 34% - 40% - 3:03
PK3 Forward
1 - 0% - 60%
2 - 0% - 40%
PK3 Defense
1 - 0% - 60%
2 - 0% - 40%
44 Forward
1 - 0% - 60%
2 - 0% - 40%
44 Defense
1 - 0% - 60%
2 - 0% - 40%
Last Minute Offensive - 0:00
Last Minute Defensive - 0:00
Total
Forward - 67:08
Defense - 67:08
|
% Time on Ice - Sewer Rats
Lines # - Real PCT - Wanted PCT - Time Play
Normal Forward
1 - 36% - 40% - 17:13
2 - 29% - 30% - 14:02
3 - 21% - 20% - 10:09
4 - 14% - 10% - 6:50
Normal Defense
1 - 43% - 40% - 20:49
2 - 31% - 30% - 15:06
3 - 19% - 20% - 9:02
4 - 7% - 10% - 3:17
PP Forward
1 - 64% - 60% - 5:39
2 - 36% - 40% - 3:12
PP Defense
1 - 56% - 60% - 4:56
2 - 44% - 40% - 3:55
PK Forward
1 - 71% - 60% - 7:09
2 - 29% - 40% - 2:54
PK Defense
1 - 61% - 60% - 6:07
2 - 39% - 40% - 3:56
PK3 Forward
1 - 0% - 60%
2 - 0% - 40%
PK3 Defense
1 - 0% - 60%
2 - 0% - 40%
44 Forward
1 - 0% - 60%
2 - 0% - 40%
44 Defense
1 - 0% - 60%
2 - 0% - 40%
Last Minute Offensive - 0:00
Last Minute Defensive - 0:00
Total
Forward - 67:08
Defense - 67:08
|
Play-by-Play
1st period
0:01 of 1st period - Taylor Beck wins face-off versus Vincent Trocheck in neutral zone.
0:28 of 1st period - Snap shot by J.T. Brown.
0:28 of 1st period - Shot Misses the Net.
0:36 of 1st period - Slapshot by Daniel Carr.
0:36 of 1st period - Stopped by Alex Stalock without a rebound.
0:37 of 1st period - Nick Cousins wins face-off versus Phil McRae in Demolitions zone.
0:42 of 1st period - Snap shot by Erik Condra.
0:42 of 1st period - Shot Misses the Net.
0:48 of 1st period - Slapshot by Phil McRae.
0:48 of 1st period - Shot Misses the Net.
1:41 of 1st period - Snap shot by Erik Condra.
1:41 of 1st period - Shot Misses the Net.
1:43 of 1st period - Slapshot by Joel Edmundson.
1:43 of 1st period - Shot Blocked by Tommy Vannelli.
1:45 of 1st period - Snap shot by Erik Condra.
1:45 of 1st period - Shot Misses the Net.
1:47 of 1st period - Slapshot by Steven Kampfer.
1:47 of 1st period - Deflect By Erik Condra.
1:47 of 1st period - Shot Misses the Net.
1:47 of 1st period - Puck is out of play.
1:48 of 1st period - Andrej Nestrasil wins face-off versus Vincent Trocheck in Demolitions zone.
1:48 of 1st period - Andrej Nestrasil is hit by Tomas Tatar.
1:51 of 1st period - Minor Penalty to J.T. Brown for Tripping.
1:52 of 1st period - Spencer Machacek wins face-off versus Tomas Tatar in Demolitions zone.
3:40 of 1st period - Tomas Tatar is hit by Spencer Machacek and loses puck.
3:51 of 1st period - Penalty to J.T. Brown is over, J.T. Brown is back on ice.
4:43 of 1st period - Minor Penalty to Aaron Palushaj for Hooking.
4:44 of 1st period - Vincent Trocheck wins face-off versus Spencer Machacek in Demolitions zone.
5:31 of 1st period - Daultan Leveillé is hit by Jonathan Marchessault and loses puck.
5:38 of 1st period - Snap shot by Daniel Carr.
5:38 of 1st period - Stopped by Alex Stalock without a rebound.
5:39 of 1st period - Vincent Trocheck wins face-off versus Spencer Machacek in Demolitions zone.
6:43 of 1st period - Penalty to Aaron Palushaj is over, Aaron Palushaj is back on ice.
7:37 of 1st period - Backhand shot by Nick Cousins.
7:37 of 1st period - Shot Misses the Net.
8:11 of 1st period - Slapshot by Erik Condra.
8:11 of 1st period - Shot Misses the Net.
8:25 of 1st period - Aaron Palushaj is hit by Tomas Tatar and loses puck.
9:11 of 1st period - Slapshot by Spencer Machacek.
9:11 of 1st period - Deflect By Taylor Beck.
9:11 of 1st period - Shot Blocked by Stefan Elliott.
9:11 of 1st period - Puck is out of play.
9:12 of 1st period - Daultan Leveillé wins face-off versus Vincent Trocheck in Sewer Rats zone.
9:37 of 1st period - Jake Muzzin is hit by Jarred Tinordi and loses puck.
9:59 of 1st period - Joel Edmundson is hit by Ryan Pulock and loses puck.
10:04 of 1st period - Slapshot by Dennis Everberg.
10:04 of 1st period - Shot Misses the Net.
10:22 of 1st period - Slapshot by Mark Mancari.
10:22 of 1st period - Goal by Mark Mancari - Demolitions : 0 - Sewer Rats : 1.
10:23 of 1st period - Daultan Leveillé wins face-off versus Vincent Trocheck in neutral zone.
10:39 of 1st period - Icing by Jarred Tinordi.
10:40 of 1st period - Andrej Nestrasil wins face-off versus Vincent Trocheck in Sewer Rats zone.
10:41 of 1st period - Slapshot by J.T. Brown.
10:41 of 1st period - Shot Misses the Net.
10:43 of 1st period - Backhand shot by Robert Bortuzzo.
10:43 of 1st period - Deflect By J.T. Brown.
10:43 of 1st period - Shot Misses the Net.
10:43 of 1st period - Puck is out of play.
10:44 of 1st period - Andrej Nestrasil wins face-off versus Vincent Trocheck in Sewer Rats zone.
10:45 of 1st period - Slapshot by Lane MacDermid.
10:45 of 1st period - Shot Misses the Net.
10:47 of 1st period - Slapshot by Jake Muzzin.
10:47 of 1st period - Shot Blocked by Tomas Tatar.
10:49 of 1st period - Slapshot by Robert Bortuzzo.
10:49 of 1st period - Shot Misses the Net.
10:51 of 1st period - Snap shot by J.T. Brown.
10:51 of 1st period - Deflect By Stefan Elliott.
10:51 of 1st period - Shot Blocked by Stefan Elliott.
10:51 of 1st period - Puck is out of play.
10:52 of 1st period - Daultan Leveillé wins face-off versus Vincent Trocheck in Sewer Rats zone.
11:06 of 1st period - Minor Penalty to Robert Bortuzzo for Hooking.
11:07 of 1st period - Vincent Trocheck wins face-off versus Spencer Machacek in Demolitions zone.
13:06 of 1st period - Penalty to Robert Bortuzzo is over, Robert Bortuzzo is back on ice.
13:19 of 1st period - Robert Bortuzzo is hit by Jared McCann and loses puck.
13:38 of 1st period - Wrist shot by Alex Hutchings.
13:38 of 1st period - Shot Blocked by Erik Condra.
14:04 of 1st period - Wrist shot by Andrej Nestrasil.
14:04 of 1st period - Shot Misses the Net.
15:00 of 1st period - Icing by Lane MacDermid.
15:01 of 1st period - Nick Cousins wins face-off versus Andrej Nestrasil in Demolitions zone.
15:07 of 1st period - Wrist shot by Erik Condra.
15:07 of 1st period - Stopped by Alex Stalock with a rebound.
15:09 of 1st period - Snap shot by Anthony Duclair.
15:09 of 1st period - Goal by Anthony Duclair - Demolitions : 0 - Sewer Rats : 2.
15:10 of 1st period - Vincent Trocheck wins face-off versus Daultan Leveillé in neutral zone.
15:13 of 1st period - Taylor Beck is hit by Tomas Tatar and loses puck.
15:32 of 1st period - Minor Penalty to Robert Bortuzzo for Hooking.
15:33 of 1st period - Vincent Trocheck wins face-off versus Spencer Machacek in Demolitions zone.
15:36 of 1st period - Snap shot by Tomas Tatar.
15:36 of 1st period - Shot Misses the Net.
15:38 of 1st period - Slapshot by Tomas Tatar.
15:38 of 1st period - Shot Misses the Net.
15:40 of 1st period - Snap shot by Jarred Tinordi.
15:40 of 1st period - Stopped by Alex Stalock without a rebound.
15:41 of 1st period - Spencer Machacek wins face-off versus Vincent Trocheck in Demolitions zone.
15:52 of 1st period - Snap shot by Tomas Tatar.
15:52 of 1st period - Shot Misses the Net.
15:54 of 1st period - Snap shot by Mark Mancari.
15:54 of 1st period - Goal by Mark Mancari - Demolitions : 0 - Sewer Rats : 3.
15:55 of 1st period - Daultan Leveillé wins face-off versus Vincent Trocheck in neutral zone.
16:02 of 1st period - Slapshot by Taylor Beck.
16:02 of 1st period - Shot Misses the Net.
16:08 of 1st period - Snap shot by Mark Mancari.
16:08 of 1st period - Stopped by Alex Stalock with a rebound.
16:10 of 1st period - Snap shot by Tomas Tatar.
16:10 of 1st period - Shot Misses the Net.
16:22 of 1st period - Snap shot by Jonathan Marchessault.
16:22 of 1st period - Shot Misses the Net.
16:36 of 1st period - Wrist shot by Taylor Beck.
16:36 of 1st period - Shot Misses the Net.
16:40 of 1st period - Snap shot by Taylor Beck.
16:40 of 1st period - Shot Misses the Net.
16:42 of 1st period - Snap shot by Taylor Beck.
16:42 of 1st period - Stopped by Marek Mazanek with a rebound.
16:44 of 1st period - Slapshot by Ryan Pulock.
16:44 of 1st period - Stopped by Marek Mazanek without a rebound.
16:45 of 1st period - Vincent Trocheck wins face-off versus Andrej Nestrasil in Sewer Rats zone.
16:56 of 1st period - Tomas Tatar is hit by Andrej Nestrasil and loses puck.
17:40 of 1st period - Snap shot by Aaron Palushaj.
17:40 of 1st period - Shot Misses the Net.
17:50 of 1st period - Slapshot by Steven Kampfer.
17:50 of 1st period - Deflect By Mark Mancari.
17:50 of 1st period - Shot Blocked by Lane MacDermid.
17:50 of 1st period - Puck is out of play.
17:51 of 1st period - Vincent Trocheck wins face-off versus Andrej Nestrasil in Demolitions zone.
17:58 of 1st period - Slapshot by Mark Mancari.
17:58 of 1st period - Stopped by Alex Stalock with a rebound.
18:04 of 1st period - Snap shot by Mark Mancari.
18:04 of 1st period - Stopped by Alex Stalock with a rebound.
18:20 of 1st period - Snap shot by Spencer Machacek.
18:20 of 1st period - Shot Blocked by Luke Witkowski.
18:22 of 1st period - Wrist shot by Daultan Leveillé.
18:22 of 1st period - Stopped by Marek Mazanek without a rebound.
18:23 of 1st period - Vincent Trocheck wins face-off versus Daultan Leveillé in Sewer Rats zone.
18:49 of 1st period - Double Minor Penalty to Joel Edmundson for Roughing.
18:50 of 1st period - Daultan Leveillé wins face-off versus Mark Mancari in Sewer Rats zone.
18:50 of 1st period - Snap shot by Taylor Beck.
18:50 of 1st period - Shot Blocked by Stefan Elliott.
Goals for this period are 0 for Demolitions vs 3 for Sewer Rats.
Shots for this period are 3 for Demolitions vs 10 for Sewer Rats.
2nd period
0:01 of 2nd period - Mark Mancari wins face-off versus Daultan Leveillé in neutral zone.
1:12 of 2nd period - Spencer Machacek is hit by John Ramage and loses puck.
2:17 of 2nd period - Mitch Callahan is hit by Erik Condra and loses puck.
2:49 of 2nd period - Penalty to Joel Edmundson is over, Joel Edmundson is back on ice.
3:26 of 2nd period - Wrist shot by Joshua Leivo.
3:26 of 2nd period - Shot Misses the Net.
3:28 of 2nd period - Slapshot by Dennis Everberg.
3:28 of 2nd period - Stopped by Marek Mazanek with a rebound.
3:30 of 2nd period - Slapshot by Phil McRae.
3:30 of 2nd period - Shot Misses the Net.
3:32 of 2nd period - Slapshot by Dennis Everberg.
3:32 of 2nd period - Goal by Dennis Everberg - Demolitions : 1 - Sewer Rats : 3.
3:33 of 2nd period - Daultan Leveillé wins face-off versus Vincent Trocheck in neutral zone.
3:40 of 2nd period - Mark Mancari is hit by Jake Muzzin and loses puck.
3:47 of 2nd period - Spencer Machacek is hit by Jarred Tinordi and loses puck.
4:06 of 2nd period - Minor Penalty to Daniel Carr for Hooking.
4:07 of 2nd period - Mark Mancari wins face-off versus Daultan Leveillé in Sewer Rats zone.
4:07 of 2nd period - Mark Mancari is hit by Robert Bortuzzo.
4:16 of 2nd period - Robert Bortuzzo is hit by Mark Mancari.
4:40 of 2nd period - Wrist shot by J.T. Brown.
4:40 of 2nd period - Goal by J.T. Brown - Demolitions : 2 - Sewer Rats : 3.
4:41 of 2nd period - Daultan Leveillé wins face-off versus Vincent Trocheck in neutral zone.
5:06 of 2nd period - Jonathan Marchessault is hit by Lane MacDermid and loses puck.
5:12 of 2nd period - Icing by Daniel Carr.
5:13 of 2nd period - Jonathan Marchessault wins face-off versus Taylor Beck in Sewer Rats zone.
5:40 of 2nd period - Vincent Trocheck is hit by Andrej Nestrasil and loses puck.
5:45 of 2nd period - Wrist shot by J.T. Brown.
5:45 of 2nd period - Shot Misses the Net.
5:47 of 2nd period - Wrist shot by J.T. Brown.
5:47 of 2nd period - Goal by J.T. Brown - Demolitions : 3 - Sewer Rats : 3.
5:48 of 2nd period - Mark Mancari wins face-off versus Daultan Leveillé in neutral zone.
5:50 of 2nd period - Minor Penalty to Vincent Trocheck for Cross-checking.
5:51 of 2nd period - Mark Mancari wins face-off versus Daultan Leveillé in Sewer Rats zone.
6:02 of 2nd period - Icing by Robert Bortuzzo.
6:03 of 2nd period - Mark Mancari wins face-off versus Spencer Machacek in Demolitions zone.
6:18 of 2nd period - Icing by Spencer Machacek.
6:19 of 2nd period - Mark Mancari wins face-off versus Daultan Leveillé in Demolitions zone.
6:20 of 2nd period - Snap shot by Luke Witkowski.
6:20 of 2nd period - Shot Misses the Net.
6:30 of 2nd period - Backhand shot by Daultan Leveillé.
6:30 of 2nd period - Shot Misses the Net.
6:32 of 2nd period - Snap shot by Spencer Machacek.
6:32 of 2nd period - Shot Blocked by Stefan Elliott.
6:34 of 2nd period - Slapshot by Robert Bortuzzo.
6:34 of 2nd period - Stopped by Marek Mazanek without a rebound.
6:35 of 2nd period - Luke Witkowski wins face-off versus Andrej Nestrasil in Sewer Rats zone.
6:44 of 2nd period - Wrist shot by Jake Muzzin.
6:44 of 2nd period - Stopped by Marek Mazanek without a rebound.
6:45 of 2nd period - Mark Mancari wins face-off versus Andrej Nestrasil in Sewer Rats zone.
7:40 of 2nd period - Snap shot by J.T. Brown.
7:40 of 2nd period - Shot Blocked by Joel Edmundson.
7:42 of 2nd period - Wrist shot by Lane MacDermid.
7:42 of 2nd period - Stopped by Marek Mazanek with a rebound.
7:44 of 2nd period - Snap shot by J.T. Brown.
7:44 of 2nd period - Stopped by Marek Mazanek without a rebound.
7:45 of 2nd period - Daultan Leveillé wins face-off versus Mark Mancari in Sewer Rats zone.
7:48 of 2nd period - Wrist shot by Taylor Beck.
7:48 of 2nd period - Stopped by Marek Mazanek with a rebound.
7:50 of 2nd period - Penalty to Vincent Trocheck is over, Vincent Trocheck is back on ice.
7:50 of 2nd period - Slapshot by Taylor Aronson.
7:50 of 2nd period - Shot Misses the Net.
7:52 of 2nd period - Slapshot by Taylor Beck.
7:52 of 2nd period - Shot Blocked by Joel Edmundson.
7:54 of 2nd period - Wrist shot by Taylor Aronson.
7:54 of 2nd period - Deflect By Spencer Machacek.
7:54 of 2nd period - Shot Misses the Net.
7:54 of 2nd period - Puck is out of play.
7:55 of 2nd period - Daultan Leveillé wins face-off versus Nick Cousins in Sewer Rats zone.
7:56 of 2nd period - Snap shot by Taylor Beck.
7:56 of 2nd period - Stopped by Marek Mazanek with a rebound.
7:58 of 2nd period - Wrist shot by Taylor Beck.
7:58 of 2nd period - Stopped by Marek Mazanek with a rebound.
8:00 of 2nd period - Slapshot by Ryan Pulock.
8:00 of 2nd period - Stopped by Marek Mazanek without a rebound.
8:01 of 2nd period - Daultan Leveillé wins face-off versus Nick Cousins in Sewer Rats zone.
8:15 of 2nd period - Snap shot by Taylor Beck.
8:15 of 2nd period - Stopped by Marek Mazanek with a rebound.
8:17 of 2nd period - Wrist shot by Taylor Beck.
8:17 of 2nd period - Stopped by Marek Mazanek without a rebound.
8:18 of 2nd period - Andrej Nestrasil wins face-off versus Vincent Trocheck in Sewer Rats zone.
8:26 of 2nd period - Minor Penalty to Mark Mancari for Holding.
8:27 of 2nd period - Anthony Duclair wins face-off versus Daultan Leveillé in Sewer Rats zone.
8:37 of 2nd period - Wrist shot by Taylor Beck.
8:37 of 2nd period - Goal by Taylor Beck - Demolitions : 4 - Sewer Rats : 3.
8:38 of 2nd period - Daultan Leveillé wins face-off versus Vincent Trocheck in neutral zone.
8:47 of 2nd period - Wrist shot by Mark Mancari.
8:47 of 2nd period - Shot Misses the Net.
9:13 of 2nd period - Wrist shot by Luke Witkowski.
9:13 of 2nd period - Stopped by Alex Stalock with a rebound.
9:15 of 2nd period - Snap shot by Daniel Carr.
9:15 of 2nd period - Stopped by Alex Stalock without a rebound.
9:16 of 2nd period - Jonathan Marchessault wins face-off versus Phil McRae in Demolitions zone.
9:41 of 2nd period - Daultan Leveillé is hit by Jarred Tinordi and loses puck.
10:08 of 2nd period - Slapshot by Nick Cousins.
10:08 of 2nd period - Shot Misses the Net.
10:10 of 2nd period - Snap shot by Erik Condra.
10:10 of 2nd period - Shot Hit the Post.
10:12 of 2nd period - Slapshot by Steven Kampfer.
10:12 of 2nd period - Shot Misses the Net.
10:14 of 2nd period - Snap shot by Erik Condra.
10:14 of 2nd period - Deflect By Anthony Duclair.
10:14 of 2nd period - Shot Blocked by Tommy Vannelli.
10:14 of 2nd period - Puck is out of play.
10:15 of 2nd period - Vincent Trocheck wins face-off versus Andrej Nestrasil in Demolitions zone.
10:22 of 2nd period - Wrist shot by Mark Mancari.
10:22 of 2nd period - Goal by Mark Mancari - Demolitions : 4 - Sewer Rats : 4.
10:23 of 2nd period - Mark Mancari wins face-off versus Daultan Leveillé in neutral zone.
10:28 of 2nd period - Taylor Beck is hit by Vincent Trocheck and loses puck.
10:35 of 2nd period - Snap shot by Mark Mancari.
10:35 of 2nd period - Stopped by Alex Stalock without a rebound.
10:36 of 2nd period - Daultan Leveillé wins face-off versus Vincent Trocheck in Demolitions zone.
10:36 of 2nd period - Daultan Leveillé is hit by Stefan Elliott.
10:50 of 2nd period - Wrist shot by Vincent Trocheck.
10:50 of 2nd period - Deflect By Tomas Tatar.
10:50 of 2nd period - Shot Blocked by Taylor Beck.
10:50 of 2nd period - Puck is out of play.
10:51 of 2nd period - Jonathan Marchessault wins face-off versus Andrej Nestrasil in Demolitions zone.
10:54 of 2nd period - Slapshot by Daniel Carr.
10:54 of 2nd period - Shot Misses the Net.
10:56 of 2nd period - Snap shot by Daniel Carr.
10:56 of 2nd period - Stopped by Alex Stalock with a rebound.
10:58 of 2nd period - Snap shot by Jonathan Marchessault.
10:58 of 2nd period - Shot Misses the Net.
11:00 of 2nd period - Slapshot by Daniel Carr.
11:00 of 2nd period - Shot Blocked by Jake Muzzin.
11:04 of 2nd period - Backhand shot by Luke Witkowski.
11:04 of 2nd period - Stopped by Alex Stalock without a rebound.
11:05 of 2nd period - Vincent Trocheck wins face-off versus Daultan Leveillé in Demolitions zone.
11:30 of 2nd period - Andrej Nestrasil is hit by Jonathan Marchessault and loses puck.
11:35 of 2nd period - Snap shot by Luke Witkowski.
11:35 of 2nd period - Stopped by Alex Stalock without a rebound.
11:36 of 2nd period - Andrej Nestrasil wins face-off versus Jonathan Marchessault in Demolitions zone.
11:41 of 2nd period - Snap shot by Daniel Carr.
11:41 of 2nd period - Stopped by Alex Stalock with a rebound.
12:11 of 2nd period - Snap shot by Andrej Nestrasil.
12:11 of 2nd period - Shot Misses the Net.
12:13 of 2nd period - Wrist shot by Lane MacDermid.
12:13 of 2nd period - Stopped by Marek Mazanek without a rebound.
12:14 of 2nd period - Taylor Beck wins face-off versus Vincent Trocheck in Sewer Rats zone.
12:39 of 2nd period - Luke Witkowski is hit by Dennis Everberg and loses puck.
12:45 of 2nd period - Off-side.
12:46 of 2nd period - Andrej Nestrasil wins face-off versus Vincent Trocheck in neutral zone.
12:51 of 2nd period - Slapshot by Taylor Aronson.
12:51 of 2nd period - Deflect By Vincent Trocheck.
12:51 of 2nd period - Stopped by Marek Mazanek without a rebound.
12:52 of 2nd period - Andrej Nestrasil wins face-off versus Vincent Trocheck in Sewer Rats zone.
13:01 of 2nd period - Wrist shot by J.T. Brown.
13:01 of 2nd period - Stopped by Marek Mazanek without a rebound.
13:02 of 2nd period - Daultan Leveillé wins face-off versus Vincent Trocheck in Sewer Rats zone.
13:16 of 2nd period - Off-side.
13:17 of 2nd period - Andrej Nestrasil wins face-off versus Jonathan Marchessault in neutral zone.
13:27 of 2nd period - Wrist shot by Jonathan Marchessault.
13:27 of 2nd period - Stopped by Alex Stalock with a rebound.
13:48 of 2nd period - Jake Muzzin is hit by Joel Edmundson and loses puck.
14:11 of 2nd period - Off-side.
14:12 of 2nd period - Andrej Nestrasil wins face-off versus Vincent Trocheck in neutral zone.
15:04 of 2nd period - Dennis Everberg is hit by Stefan Elliott and loses puck.
15:11 of 2nd period - Snap shot by Joseph Blandisi.
15:11 of 2nd period - Deflect By Jared McCann.
15:11 of 2nd period - Shot Misses the Net.
15:11 of 2nd period - Puck is out of play.
15:12 of 2nd period - Vincent Trocheck wins face-off versus Daultan Leveillé in Demolitions zone.
15:39 of 2nd period - Wrist shot by Luke Witkowski.
15:39 of 2nd period - Deflect By Jonathan Marchessault.
15:39 of 2nd period - Stopped by Alex Stalock without a rebound.
15:40 of 2nd period - Jonathan Marchessault wins face-off versus Andrej Nestrasil in Demolitions zone.
15:44 of 2nd period - Minor Penalty to Nick Pryor for Holding.
15:45 of 2nd period - Spencer Machacek wins face-off versus Vincent Trocheck in Demolitions zone.
16:17 of 2nd period - Slapshot by Daniel Carr.
16:17 of 2nd period - Goal by Daniel Carr - Demolitions : 4 - Sewer Rats : 5.
16:18 of 2nd period - Andrej Nestrasil wins face-off versus Vincent Trocheck in neutral zone.
16:31 of 2nd period - Wrist shot by Andrej Nestrasil.
16:31 of 2nd period - Shot Misses the Net.
16:50 of 2nd period - Wrist shot by J.T. Brown.
16:50 of 2nd period - Shot Misses the Net.
17:00 of 2nd period - Snap shot by Tomas Tatar.
17:00 of 2nd period - Stopped by Alex Stalock without a rebound.
17:01 of 2nd period - Daultan Leveillé wins face-off versus Luke Witkowski in Demolitions zone.
17:01 of 2nd period - Daultan Leveillé is hit by Daniel Carr.
17:13 of 2nd period - Snap shot by Taylor Beck.
17:13 of 2nd period - Shot Misses the Net.
17:15 of 2nd period - Snap shot by Daultan Leveillé.
17:15 of 2nd period - Deflect By Taylor Beck.
17:15 of 2nd period - Shot Misses the Net.
17:15 of 2nd period - Puck is out of play.
17:16 of 2nd period - Nick Cousins wins face-off versus Phil McRae in Sewer Rats zone.
17:16 of 2nd period - Nick Cousins is hit by Taylor Aronson.
17:44 of 2nd period - Wrist shot by Daniel Carr.
17:44 of 2nd period - Stopped by Alex Stalock with a rebound.
18:06 of 2nd period - Wrist shot by Mark Mancari.
18:06 of 2nd period - Stopped by Alex Stalock with a rebound.
18:08 of 2nd period - Slapshot by Joel Edmundson.
18:08 of 2nd period - Stopped by Alex Stalock without a rebound.
18:09 of 2nd period - Vincent Trocheck wins face-off versus Andrej Nestrasil in Demolitions zone.
18:34 of 2nd period - Daultan Leveillé is hit by Daniel Carr and loses puck.
19:36 of 2nd period - Slapshot by J.T. Brown.
19:36 of 2nd period - Stopped by Marek Mazanek without a rebound.
19:37 of 2nd period - Vincent Trocheck wins face-off versus Andrej Nestrasil in Sewer Rats zone.
19:53 of 2nd period - Vincent Trocheck is hit by J.T. Brown and loses puck.
Goals for this period are 4 for Demolitions vs 2 for Sewer Rats.
Shots for this period are 19 for Demolitions vs 15 for Sewer Rats.
3rd period
0:01 of 3rd period - Daultan Leveillé wins face-off versus Vincent Trocheck in neutral zone.
0:14 of 3rd period - Slapshot by Taylor Beck.
0:14 of 3rd period - Shot Misses the Net.
0:16 of 3rd period - Snap shot by Jake Muzzin.
0:16 of 3rd period - Stopped by Marek Mazanek with a rebound.
0:22 of 3rd period - Minor Penalty to Jarred Tinordi for Roughing.
0:23 of 3rd period - Luke Witkowski wins face-off versus Daultan Leveillé in Sewer Rats zone.
0:23 of 3rd period - Luke Witkowski is hit by Jake Muzzin.
2:22 of 3rd period - Penalty to Jarred Tinordi is over, Jarred Tinordi is back on ice.
3:02 of 3rd period - Off-side.
3:03 of 3rd period - Jonathan Marchessault wins face-off versus Alex Hutchings in neutral zone.
3:16 of 3rd period - Luke Witkowski is hit by Alex Hutchings.
3:42 of 3rd period - Wrist shot by Alex Hutchings.
3:42 of 3rd period - Stopped by Marek Mazanek with a rebound.
3:44 of 3rd period - Snap shot by Alex Hutchings.
3:44 of 3rd period - Shot Blocked by Daniel Carr.
3:46 of 3rd period - Slapshot by Aaron Palushaj.
3:46 of 3rd period - Stopped by Marek Mazanek without a rebound.
3:47 of 3rd period - Vincent Trocheck wins face-off versus Daultan Leveillé in Sewer Rats zone.
3:47 of 3rd period - Vincent Trocheck is hit by Daultan Leveillé.
4:13 of 3rd period - Spencer Machacek is hit by Jarred Tinordi.
4:17 of 3rd period - Dmitrij Jaskin is hit by Daultan Leveillé and loses puck.
4:26 of 3rd period - Wrist shot by Spencer Machacek.
4:26 of 3rd period - Deflect By Taylor Beck.
4:26 of 3rd period - Stopped by Marek Mazanek with a rebound.
4:30 of 3rd period - Slapshot by Spencer Machacek.
4:30 of 3rd period - Stopped by Marek Mazanek without a rebound.
4:31 of 3rd period - Vincent Trocheck wins face-off versus Andrej Nestrasil in Sewer Rats zone.
5:14 of 3rd period - Icing by Phil McRae.
5:15 of 3rd period - Christoph Bertschy wins face-off versus Jonathan Marchessault in Demolitions zone.
6:04 of 3rd period - Snap shot by Alex Hutchings.
6:04 of 3rd period - Shot Misses the Net.
6:06 of 3rd period - Snap shot by Robert Bortuzzo.
6:06 of 3rd period - Stopped by Marek Mazanek without a rebound.
6:07 of 3rd period - Vincent Trocheck wins face-off versus Daultan Leveillé in Sewer Rats zone.
6:07 of 3rd period - Vincent Trocheck is hit by Taylor Beck.
6:13 of 3rd period - Daultan Leveillé is hit by Vincent Trocheck.
6:14 of 3rd period - Icing by Daultan Leveillé.
6:15 of 3rd period - Vincent Trocheck wins face-off versus Daultan Leveillé in Demolitions zone.
6:24 of 3rd period - Wrist shot by Mark Mancari.
6:24 of 3rd period - Shot Misses the Net.
7:03 of 3rd period - Wrist shot by Luke Witkowski.
7:03 of 3rd period - Stopped by Alex Stalock with a rebound.
7:49 of 3rd period - Joseph Blandisi is hit by Daultan Leveillé and loses puck.
8:49 of 3rd period - Daniel Carr is hit by Ryan Pulock and loses puck.
9:10 of 3rd period - Snap shot by Daniel Carr.
9:10 of 3rd period - Shot Misses the Net.
9:36 of 3rd period - Wrist shot by Alex Hutchings.
9:36 of 3rd period - Shot Misses the Net.
9:45 of 3rd period - Off-side.
9:46 of 3rd period - Vincent Trocheck wins face-off versus Spencer Machacek in neutral zone.
9:49 of 3rd period - Slapshot by Mark Mancari.
9:49 of 3rd period - Stopped by Alex Stalock with a rebound.
9:53 of 3rd period - Snap shot by Tomas Tatar.
9:53 of 3rd period - Shot Misses the Net.
9:55 of 3rd period - Snap shot by Tomas Tatar.
9:55 of 3rd period - Shot Blocked by Robert Bortuzzo.
10:13 of 3rd period - J.T. Brown is hit by Nick Cousins and loses puck.
10:20 of 3rd period - Wrist shot by Nick Cousins.
10:20 of 3rd period - Shot Misses the Net.
11:18 of 3rd period - Slapshot by Lane MacDermid.
11:18 of 3rd period - Stopped by Marek Mazanek without a rebound.
11:19 of 3rd period - Phil McRae wins face-off versus Jared McCann in Sewer Rats zone.
11:44 of 3rd period - Mark Mancari is hit by Daultan Leveillé and loses puck.
12:05 of 3rd period - Snap shot by Anthony Duclair.
12:05 of 3rd period - Shot Misses the Net.
12:11 of 3rd period - Jake Muzzin is hit by Anthony Duclair and loses puck.
12:12 of 3rd period - Jake Muzzin from Demolitions is injured at 12:12 of 3rd period (Right Foot).
12:13 of 3rd period - Daultan Leveillé wins face-off versus Vincent Trocheck in Demolitions zone.
12:13 of 3rd period - Daultan Leveillé is hit by Tomas Tatar.
13:02 of 3rd period - Snap shot by Erik Condra.
13:02 of 3rd period - Shot Blocked by Robert Bortuzzo.
13:04 of 3rd period - Wrist shot by Erik Condra.
13:04 of 3rd period - Deflect By Dennis Everberg.
13:04 of 3rd period - Stopped by Alex Stalock with a rebound.
13:06 of 3rd period - Snap shot by Erik Condra.
13:06 of 3rd period - Shot Misses the Net.
13:08 of 3rd period - Snap shot by Ryan Murphy.
13:08 of 3rd period - Stopped by Alex Stalock with a rebound.
13:10 of 3rd period - Slapshot by Ryan Murphy.
13:10 of 3rd period - Shot Misses the Net.
13:12 of 3rd period - Slapshot by Nick Cousins.
13:12 of 3rd period - Stopped by Alex Stalock with a rebound.
13:26 of 3rd period - Aaron Palushaj is hit by John Ramage and loses puck.
14:09 of 3rd period - Snap shot by Luke Witkowski.
14:09 of 3rd period - Shot Misses the Net.
14:11 of 3rd period - Slapshot by Jarred Tinordi.
14:11 of 3rd period - Stopped by Alex Stalock without a rebound.
14:12 of 3rd period - Jonathan Marchessault wins face-off versus Andrej Nestrasil in Demolitions zone.
14:17 of 3rd period - Slapshot by Lane MacDermid.
14:17 of 3rd period - Shot Blocked by Daniel Carr.
14:27 of 3rd period - Andrej Nestrasil is hit by Luke Witkowski and loses puck.
14:38 of 3rd period - Lane MacDermid is hit by Nick Cousins and loses puck.
15:12 of 3rd period - Snap shot by Mark Mancari.
15:12 of 3rd period - Stopped by Alex Stalock with a rebound.
15:31 of 3rd period - Wrist shot by Dennis Everberg.
15:31 of 3rd period - Stopped by Marek Mazanek without a rebound.
15:32 of 3rd period - Jonathan Marchessault wins face-off versus Phil McRae in Sewer Rats zone.
15:59 of 3rd period - Wrist shot by Dmitrij Jaskin.
15:59 of 3rd period - Shot Blocked by Phil McRae.
16:11 of 3rd period - Minor Penalty to Dmitrij Jaskin for Hooking.
16:12 of 3rd period - Mark Mancari wins face-off versus Daultan Leveillé in Sewer Rats zone.
17:27 of 3rd period - Jarred Tinordi is hit by Spencer Machacek and loses puck.
17:32 of 3rd period - Snap shot by Spencer Machacek.
17:32 of 3rd period - Deflect By Daultan Leveillé.
17:32 of 3rd period - Goal by Daultan Leveillé - Demolitions : 5 - Sewer Rats : 5.
17:33 of 3rd period - Nick Cousins wins face-off versus Phil McRae in neutral zone.
17:33 of 3rd period - Jarred Tinordi is hit by Ryan Pulock and loses puck.
18:07 of 3rd period - Wrist shot by Dmitrij Jaskin.
18:07 of 3rd period - Shot Misses the Net.
18:09 of 3rd period - Slapshot by Joel Edmundson.
18:09 of 3rd period - Deflect By Taylor Aronson.
18:09 of 3rd period - Stopped by Alex Stalock without a rebound.
18:10 of 3rd period - Nick Cousins wins face-off versus Christoph Bertschy in Demolitions zone.
18:39 of 3rd period - Snap shot by Taylor Beck.
18:39 of 3rd period - Shot Misses the Net.
18:54 of 3rd period - Icing by Taylor Beck.
18:55 of 3rd period - Vincent Trocheck wins face-off versus Andrej Nestrasil in Demolitions zone.
19:29 of 3rd period - Steven Kampfer is hit by Nick Pryor and loses puck.
Goals for this period are 1 for Demolitions vs 0 for Sewer Rats.
Shots for this period are 9 for Demolitions vs 8 for Sewer Rats.
Overtime #1
0:01 of 1st overtime period - Daultan Leveillé wins face-off versus Vincent Trocheck in neutral zone.
0:37 of 1st overtime period - Jarred Tinordi is hit by Lane MacDermid and loses puck.
0:53 of 1st overtime period - Slapshot by Luke Witkowski.
0:53 of 1st overtime period - Shot Misses the Net.
1:35 of 1st overtime period - Backhand shot by Jonathan Marchessault.
1:35 of 1st overtime period - Stopped by Alex Stalock with a rebound.
2:12 of 1st overtime period - Minor Penalty to Christoph Bertschy for Roughing.
2:13 of 1st overtime period - Spencer Machacek wins face-off versus Vincent Trocheck in Demolitions zone.
2:59 of 1st overtime period - Wrist shot by Vincent Trocheck.
2:59 of 1st overtime period - Deflect By Tomas Tatar.
2:59 of 1st overtime period - Shot Blocked by Taylor Beck.
2:59 of 1st overtime period - Puck is out of play.
3:00 of 1st overtime period - Vincent Trocheck wins face-off versus Daultan Leveillé in Demolitions zone.
3:09 of 1st overtime period - Spencer Machacek is hit by Erik Condra and loses puck.
3:36 of 1st overtime period - Ryan Pulock is hit by Mark Mancari and loses puck.
4:12 of 1st overtime period - Penalty to Christoph Bertschy is over, Christoph Bertschy is back on ice.
4:13 of 1st overtime period - Erik Condra is hit by Tommy Vannelli and loses puck.
5:09 of 1st overtime period - Off-side.
5:10 of 1st overtime period - Christoph Bertschy wins face-off versus Jared McCann in neutral zone.
6:22 of 1st overtime period - Snap shot by J.T. Brown.
6:22 of 1st overtime period - Stopped by Marek Mazanek without a rebound.
6:23 of 1st overtime period - Phil McRae wins face-off versus Vincent Trocheck in Sewer Rats zone.
6:38 of 1st overtime period - Snap shot by Phil McRae.
6:38 of 1st overtime period - Shot Misses the Net.
6:52 of 1st overtime period - Snap shot by Lane MacDermid.
6:52 of 1st overtime period - Shot Misses the Net.
6:54 of 1st overtime period - Wrist shot by Lane MacDermid.
6:54 of 1st overtime period - Stopped by Marek Mazanek without a rebound.
6:55 of 1st overtime period - Jonathan Marchessault wins face-off versus Andrej Nestrasil in Sewer Rats zone.
7:07 of 1st overtime period - Minor Penalty to Luke Witkowski for Interference.
7:08 of 1st overtime period - Daultan Leveillé wins face-off versus Mark Mancari in Sewer Rats zone.
7:08 of 1st overtime period - Slapshot by Spencer Machacek.
7:08 of 1st overtime period - Goal by Spencer Machacek - Demolitions : 6 - Sewer Rats : 5.
Goals for this period are 1 for Demolitions vs 0 for Sewer Rats.
Shots for this period are 3 for Demolitions vs 1 for Sewer Rats.
Back to the Top